Map: [ESL] Dragon Scales

Players

Mixu - Winner!

  • Race: Zerg Zerg
  • League: Grandmaster
  • Spawn Location: 11:00

ShaDoWn

  • Race: Protoss Protoss
  • Spawn Location: 5:00

Event: HomeStory Cup XXIII

VOD

Have the link to the VOD?

Description

Time

  • Played on: July 1, 2023, 1:52 p.m.
  • Length: 9:52

All games in this series

Show
View Real Time Build Order
Export as new Build Order

Mixu Zerg - Winner!

Build Orders: Hatch First 

Get SALT Encoding   

  12  0:00  Drone  
  13  0:12  Overlord  
  13  0:17  Drone  
  14  0:30  Drone x2  
  16  0:43  Drone  
  17  0:52  Hatchery  
  17  0:54  Drone  
  17  0:57  Drone  
  18  1:08  Extractor  
  17  1:14  Spawning Pool  
  17  1:15  Drone  
  17  1:19  Drone  
  18  1:27  Drone  
  19  1:38  Drone  
  20  1:49  Overlord  
  20  2:01  Queen  
  20  2:03  Queen  
  20  2:04  Drone  
  20  2:05  Zergling x2  
  26  2:10  Zergling x2  
  26  2:12  Metabolic Boost  
  26  2:15  Drone  
  28  2:21  Drone  
  29  2:25  Drone  
  30  2:35  Hatchery  
  29  2:37  Drone  
  30  2:44  Queen  
  30  2:46  Drone  
  33  2:51  Overlord  
  33  2:54  Drone  
  33  2:57  Zergling x2  
  35  2:59  Zergling x2  
  36  3:09  Queen, Overlord  
  36  3:11  Drone  
  39  3:14  Drone  
  39  3:15  Drone  
  39  3:17  Drone  
  42  3:26  Overlord  
  41  3:28  Spore Crawler  
  41  3:29  Spore Crawler  
  41  3:33  Drone x2  
  40  3:36  Drone x2  
  42  3:44  Drone  
  42  3:48  Spore Crawler, Zergling x4  
  44  3:51  Drone x2  
  44  3:54  Drone  
  45  3:57  Drone  
  45  3:59  Drone x2  
  45  4:02  Drone  
  49  4:04  Drone  
  49  4:05  Drone  
  49  4:09  Drone  
  52  4:11  Drone  
  52  4:16  Drone x3  
  56  4:18  Drone  
  56  4:21  Drone  
  58  4:29  Roach Warren  
  58  4:30  Overlord  
  58  4:31  Drone x3  
  59  4:36  Spore Crawler  
  56  4:39  Drone x3  
  56  4:44  Drone x2  
  61  4:46  Drone x3  
  64  4:55  Hatchery  
  64  4:56  Zergling x4  
  65  5:00  Overlord  
  65  5:02  Drone x2  
  65  5:04  Evolution Chamber  
  65  5:05  Zergling x2  
  66  5:08  Zergling x2  
  66  5:10  Queen  
  66  5:13  Drone x2  
  71  5:17  Drone, Lair  
  72  5:25  Drone x3  
  73  5:29  Extractor x2  
  73  5:31  Zerg Melee Weapons Level 1  
  73  5:34  Drone x5  
  73  5:35  Drone x2  
  78  5:40  Overlord  
  78  5:49  Zergling x6  
  81  5:55  Overlord  
  81  5:59  Roach x2  
  81  6:00  Roach x2  
  81  6:01  Overlord x2  
  89  6:06  Overlord  
  89  6:09  Overlord  
  89  6:10  Spore Crawler  
  88  6:14  Hatchery  
  88  6:15  Zergling x12  
  88  6:18  Queen  
  95  6:19  Glial Reconstitution  
  95  6:21  Drone x2  
  95  6:23  Drone x2  
  99  6:26  Drone x3  
  99  6:29  Drone x3  
  105  6:34  Drone  
  102  6:44  Drone x5  
  102  6:47  Zergling x8  
  102  6:51  Zergling x10  
  102  6:53  Extractor  
  109  6:59  Baneling Nest  
  109  7:01  Drone x2  
  111  7:04  Overlord, Drone x4  
  114  7:11  Zergling x4  
  114  7:14  Zergling x4  
  118  7:17  Queen  
  118  7:21  Drone x3, Evolution Chamber  
  118  7:22  Extractor  
  120  7:23  Extractor x2  
  120  7:24  Zergling x10  
  123  7:32  Overlord  
  123  7:33  Roach x9, Spore Crawler  
  140  7:40  Drone  
  140  7:42  Overlord x3  
  141  7:49  Overlord  
  141  7:51  Overlord x3  
  141  7:53  Centrifugal Hooks  
  141  7:54  Zerg Missile Weapons Level 1  
  141  7:57  Zergling x4  
  141  8:04  Zergling x16  
  148  8:11  Zergling x14  
  155  8:16  Overlord  
  155  8:17  Roach x9  
  155  8:18  Baneling x4  
  155  8:19  Baneling x11  
  171  8:23  Zergling x8  
  175  8:27  Drone x2  
  175  8:29  Extractor  
  175  8:30  Extractor  
  175  8:34  Baneling x10  
  175  8:37  Zergling x16  
  175  8:40  Zergling x10  
  188  8:45  Zergling x10  
  192  8:55  Baneling x7  
  184  8:58  Zergling x2  
  184  9:01  Zergling x14  
  184  9:04  Roach x4  
  184  9:05  Roach  
  184  9:09  Roach x4  
  191  9:15  Roach x3  
  191  9:16  Roach x2  
  187  9:18  Roach x2  
  187  9:23  Zergling x2  
  173  9:29  Roach x4  
Show
View Real Time Build Order
Export as new Build Order

ShaDoWn Protoss 

Build Orders: 1 Gate Expand, Oracle Opening 

Get SALT Encoding   

  12  0:00  Probe  
  13  0:12  Probe  
  14  0:21  Pylon  
  14  0:25  Probe  
  15  0:39  Probe (Chrono Boost)  
  15  0:41  Gateway  
  16  0:48  Probe (Chrono Boost)  
  17  0:53  Probe (Chrono Boost), Assimilator  
  18  1:05  Probe  
  19  1:17  Probe  
  20  1:30  Nexus  
  20  1:38  Cybernetics Core  
  20  1:41  Probe  
  20  1:46  Assimilator  
  21  1:53  Probe  
  22  1:56  Pylon  
  22  2:05  Probe  
  23  2:12  Adept (Chrono Boost)  
  25  2:17  Probe  
  25  2:20  Stargate  
  26  2:28  Warp Gate  
  26  2:29  Probe  
  27  2:33  Adept (Chrono Boost)  
  29  2:42  Probe (Chrono Boost)  
  31  2:47  Probe (Chrono Boost)  
  32  2:52  Probe (Chrono Boost)  
  32  2:55  Probe (Chrono Boost)  
  32  2:56  Adept  
  32  2:57  Probe (Chrono Boost)  
  35  3:02  Oracle (Chrono Boost)  
  39  3:05  Probe  
  39  3:09  Probe  
  41  3:13  Pylon  
  41  3:18  Probe  
  42  3:21  Probe  
  43  3:30  Probe  
  43  3:33  Probe  
  45  3:39  Oracle (Chrono Boost)  
  45  3:40  Gateway  
  48  3:42  Probe  
  48  3:47  Probe  
  50  3:57  Nexus, Probe  
  50  4:02  Pylon  
  51  4:03  Probe  
  51  4:08  Oracle (Chrono Boost)  
  51  4:09  Probe  
  54  4:16  Assimilator  
  54  4:18  Assimilator  
  54  4:20  Probe  
  54  4:21  Adept, Pylon  
  54  4:22  Probe  
  58  4:32  Probe  
  58  4:34  Probe  
  58  4:38  Adept  
  62  4:44  Probe, Pylon  
  63  4:46  Probe, Shield Battery  
  63  4:50  Stalker  
  66  4:56  Probe  
  66  4:57  Twilight Council  
  66  4:58  Probe, Forge  
  68  5:09  Probe (Chrono Boost)  
  68  5:12  Probe (Chrono Boost)  
  71  5:14  Probe (Chrono Boost)  
  71  5:20  Probe (Chrono Boost)  
  73  5:22  Probe (Chrono Boost)  
  73  5:23  Probe (Chrono Boost)  
  73  5:27  Stalker x2  
  80  5:28  Probe (Chrono Boost)  
  80  5:29  Probe x2 (Chrono Boost)  
  80  5:30  Gateway, Protoss Ground Weapons Level 1 (Chrono Boost)  
  80  5:33  Blink (Chrono Boost), Gateway  
  80  5:35  Probe  
  82  5:36  Probe  
  82  5:39  Probe  
  84  5:47  Probe  
  84  5:49  Probe  
  86  5:51  Probe  
  86  5:52  Assimilator  
  86  5:53  Assimilator  
  86  5:55  Stalker  
  86  5:57  Gateway  
  89  6:00  Gateway  
  89  6:02  Probe  
  91  6:09  Probe  
  91  6:13  Gateway  
  91  6:15  Gateway  
  91  6:16  Probe  
  92  6:20  Pylon x2  
  92  6:29  Templar Archives  
  92  6:33  Gateway x2  
  92  6:35  Gateway  
  92  6:40  Pylon  
  84  6:47  Stalker x4  
  92  6:54  Probe  
  92  6:55  Probe  
  92  6:58  Robotics Facility  
  92  6:59  Psionic Storm  
  92  7:00  Pylon  
  92  7:07  Probe  
  93  7:09  Nexus  
  93  7:11  Pylon, Stalker x3  
  95  7:17  Stalker x2  
  95  7:19  Probe  
  100  7:25  Protoss Ground Weapons Level 2 (Chrono Boost)  
  100  7:27  Stalker x3  
  103  7:32  Probe x2, Shield Battery  
  103  7:36  Probe  
  106  7:42  High Templar x4  
  114  7:45  Probe x2  
  114  7:49  High Templar  
  114  7:50  Photon Cannon  
  118  7:52  Charge  
  118  8:00  Probe x2  
  118  8:01  Probe  
  118  8:02  Assimilator  
  121  8:06  Assimilator  
  121  8:07  Warp Prism (Chrono Boost)  
  121  8:12  Probe x2  
  125  8:13  Probe  
  126  8:21  High Templar x3  
  126  8:22  Probe  
  126  8:24  Probe x2, Zealot x6  
  126  8:25  Probe  
  145  8:36  Archon  
  145  8:40  Pylon  
  145  8:42  Gateway  
  145  8:44  Gateway  
  145  8:50  Stalker  
  139  9:08  Pylon  
  124  9:10  Pylon  
  124  9:18  Probe x4  
  110  9:28  Pylon  
  110  9:29  Pylon  
  110  9:30  Probe x2  
  110  9:31  Probe  
  111  9:32  Pylon  
  111  9:33  Zealot x7  
  107  9:40  Pylon  
Tags
 
Add a new tag
Caveats
  • Supply blocks, unpowered buildings, or Contaminate may cause inaccurate times.
  • Supply counts are checked every 10 seconds.